 Dungeon Crawl Stone Soup version 0.30-a0-137-gd8773701ce (webtiles) character file.

Game seed: 6665875640985777435

203 jlumianski the Chopper (level 5, -6/32 HPs)
             Began as a Gargoyle Gladiator on Sept 24, 2022.
             Mangled by an orc warrior
             ... wielding a +0 scimitar
              (14 damage)
             ... on level 2 of the Dungeon.
             The game lasted 00:12:19 (3284 turns).

jlumianski the Chopper (Gargoyle Gladiator)         Turns: 3284, Time: 00:12:21

Health: -6/32      AC: 11    Str: 19    XL:     5   Next: 81%
Magic:  5/5        EV: 11    Int:  9    God:
Gold:   164        SH:  5    Dex: 11    Spells: 4/4 levels left

rFire   . . .      SeeInvis .    a - +0 war axe
rCold   . . .      Faith    .    (no shield)
rNeg    + . .      Spirit   .    k - +0 ring mail
rPois   ∞          Reflect  +    c - +0 helmet
rElec   +          Harm     .    i - +0 cloak
rCorr   .          Rampage  .    (no gloves)
Will    .....                    (no boots)
Stlth   +.........               h - amulet of reflection
HPRegen 0.10/turn                (no ring)
MPRegen 0.09/turn                (no ring)

@: no status effects
A: sickness immunity, AC +4, negative energy resistance 1, electricity
resistance, torment resistance 1, petrification resistance
a: no special abilities


You were on level 2 of the Dungeon.
You visited 1 branch of the dungeon, and saw 5 of its levels.

You collected 164 gold pieces.

Inventory:

Hand Weapons
 a - a +0 war axe (weapon)
Missiles
 d - a throwing net (quivered)
Armour
 b - a +0 leather armour
 c - a +0 helmet (worn)
 i - a +0 cloak (worn)
 k - a +0 ring mail (worn)
Jewellery
 h - an amulet of reflection (around neck)
Scrolls
 m - a scroll of immolation
Potions
 f - a potion of flight
 g - a potion of curing
 j - a potion of mutation
 l - a potion of haste


   Skills:
 + Level 2.8 Fighting
 + Level 4.4 Axes
 + Level 1.9 Throwing
 + Level 1.8 Armour
 + Level 3.1 Dodging
 + Level 0.5 Stealth
 + Level 1.0 Shields


You had 4 spell levels left.
You didn't know any spells.
Your spell library contained the following spells:

 Spells                   Type           Power      Damage    Failure   Level
 Blink                    Tloc           0%         N/A       71%         2
 Call Canine Familiar     Summ           0%         N/A       91%         3
 Lesser Beckoning         Tloc           0%         N/A       91%         3
 Portal Projectile        Hex/Tloc       0%         N/A       91%         3
 Leda's Liquefaction      Hex/Erth       0%         N/A       100%        4
 Manifold Assault         Tloc           0%         N/A       100%        4


Dungeon Overview and Level Annotations

Branches:
Dungeon (5/15)
 Temple: D:4-7

Altars:
Uskayaw
Yredelemnul


Innate Abilities, Weirdness & Mutations

You are immune to sickness and miasma.
Your stone body is resilient. (AC +4)
You are immune to poison.
You resist negative energy. (rN+)
You are resistant to electric shocks. (rElec)
You are resistant to unholy torment.
You are immune to petrification.


Message History

Press: ? - help, Q - select action Shift-Dir - straight line, f/p - orc
Aim: an orc, wielding a +0 mace and wearing a +0 leather armour (severely wounded, 56% to hit)
You throw a throwing net.
The throwing net barely misses the orc warrior.
The throwing net hits the orc.
The orc is caught in the net!
The orc is severely wounded.
The orc struggles against the net.
You block the orc warrior's attack.
Throw: 2 throwing nets
Press: ? - help, Q - select action Shift-Dir - straight line, f - orc warrior, p - orc
Aim: an orc warrior, wielding a +0 scimitar and wearing a +1 chain mail of cold resistance (52% to hit)
You throw a throwing net. The throwing net hits the orc warrior.
The orc warrior is caught in the net!
The orc struggles against the net.
The orc warrior struggles against the net.
The orc struggles against the net.
The orc warrior struggles against the net.
The orc struggles against the net.
The orc warrior struggles against the net.
The orc struggles against the net.
The orc warrior struggles against the net.
There is an open door here.
There is a stone staircase leading up here.
You climb upwards.
There is a stone staircase leading down here.
You start resting.
HP restored.
You climb downwards.
There is a stone staircase leading up here.
The orc warrior hits you with a +0 scimitar!
You climb upwards.
There is a stone staircase leading down here.
You closely miss the orc warrior.
The orc warrior hits you but does no damage.
You hit the orc warrior.
The orc warrior is lightly wounded.
The orc warrior hits you with a +0 scimitar!
Ouch! That really hurt!
* * * LOW HITPOINT WARNING * * *
The orc warrior hits you with a +0 scimitar!
You die...

#######.############
#.......#...........
#.#######.##########
#.# #.# #.# #.#
#.#######.#
#.........#
######..###
#@o....####
#.........#
####......########
#.#............
#.#......######
#.#....#...†..#
#####.#....######..
#....)#....# ##.
#)#####....# ##


You could see an orc warrior.

Vanquished Creatures
  2 orc priests (D:2)
  An orc wizard (D:3)
  2 gnolls (D:2)
  5 adders
  5 orcs
  5 bats (D:1)
  4 endoplasms
  2 giant cockroaches (D:1)
  3 goblins
  5 hobgoblins (D:1)
  4 quokkas
  A ball python (D:1)
  3 frilled lizards
  4 kobolds
  5 rats
51 creatures vanquished.

Notes
Turn   | Place    | Note
-------+----------+-------------------------------------------
     0 | D:1      | jlumianski the Gargoyle Gladiator began the quest for the
                  | Orb.
     0 | D:1      | Reached XP level 1. HP: 12/12 MP: 1/1
   208 | D:1      | Reached skill level 3 in Axes
   208 | D:1      | Reached XP level 2. HP: 16/17 MP: 2/2
   767 | D:1      | Found a faded altar of an unknown god.
   772 | D:1      | Reached XP level 3. HP: 18/21 MP: 3/3
  1523 | D:3      | Found a basalt altar of Yredelemnul.
  2112 | D:3      | Reached XP level 4. HP: 11/27 MP: 4/4
  2222 | D:3      | Reached skill level 4 in Axes
  2492 | D:2      | Reached skill level 1 in Armour
  2566 | D:3      | Reached XP level 5. HP: 31/31 MP: 5/5
  2893 | D:2      | Reached skill level 1 in Shields
  3044 | D:5      | Entered Level 5 of the Dungeon
  3076 | D:3      | Found a hide-covered altar of Uskayaw.
  3097 | D:3      | Noticed an orc warrior
  3284 | D:2      | Mangled by an orc warrior

Illustrated notes

Levels and vault maps discovered:
D:1:      nagdon_arrival_double_spiral, layout_loops_ring,
          ebering_ecumenical_altar_mist
D:2:      cheibrodos_pilgrimage, layout_basic
D:3:      layout_loops_corners, overflow_temple_1_default,
          mainiacjoe_overflow_catwalk, minmay_strange_pillars, nicolae_titane
D:4:      layout_loops_ring, nicolae_overflow_hidden_temple,
          minmay_misc_feat_tower, uniq_ijyb, uniq_edmund
D:5:      layout_layer_cave, hangedman_ru_absence, slow_altar_1

Skill      XL: |  1  2  3  4  5 |
---------------+----------------+-----
Axes           | 3 4 |  4.4
Armour         | 1 |  1.8
Dodging        | 3 |  3.1
Shields        | 1 |  1.0
Fighting       | |  2.8
Throwing       | |  1.9
Stealth        | |  0.5

Action                   |  1- 3 |  4- 6 || total
-------------------------+-------+-------++-------
Melee: War axe           |   133 |    79 ||   212
       Punch             |     1 |     1 ||     2
Throw: Throwing net      |       |     2 ||     2
       Javelin           |       |     1 ||     1
  Use: Scroll            |     8 |     2 ||    10
       Potion            |     1 |       ||     1
Armor: Leather armour    |    74 |       ||    74
       Ring mail         |     5 |    35 ||    40
Dodge: Dodged            |   116 |    35 ||   151
Block: Other             |     2 |    19 ||    21
       Reflection        |     1 |     1 ||     2

Table legend: (Time is in decaauts)
 A = Elapsed time spent in this place.
 B = Non-inter-level travel time spent in this place.
 C = Inter-level travel time spent in this place.
 D = Time resting spent in this place.
 E = Time spent auto-exploring this place.
 F = Levels seen in this place.
 G = Mean time per level.
                   A        B        C        D        E       F      G
               +--------+--------+--------+--------+--------+-----+--------+
         Total |   3360 |   3345 |     15 |    806 |   1367 |   5 |  672.0 |
       Dungeon |   3360 |   3345 |     15 |    806 |   1367 |   5 |  672.0 |
               +--------+--------+--------+--------+--------+-----+--------+

Top non-repeatable levels by time:
     D:1: 1665 daAuts
     D:2: 1136 daAuts
     D:3: 530 daAuts
     D:4: 27 daAuts
     D:5: 1 daAuts
